 Dungeon Crawl Stone Soup version 0.28.0 (webtiles) character file.

Game seed: 10666165116916693138

82 SnakkuSnakku7 the Firebug (level 4, -4/35 HPs)
             Began as a Mummy Cinder Acolyte on Feb 11, 2022.
             Was a High Priest of Ignis.
             Killed from afar by an orc wizard (10 damage)
             ... with a magic dart
             ... on level 3 of the Dungeon.
             The game lasted 00:02:51 (2310 turns).

SnakkuSnakku7 the Firebug (Mummy Cinder Acolyte)    Turns: 2310, Time: 00:02:52

Health: -4/35      AC:  7    Str: 17    XL:     4   Next: 21%
Magic:  1/6        EV: 11    Int: 15    God:    Ignis [*****.]
Gold:   41         SH:  0    Dex:  7    Spells: 3/5 levels left

rFire   . . .      SeeInvis .   a - -1 mace (flame)
rCold   + . .      Faith    .   (no shield)
rNeg    + + +      Spirit   .   b - +0 robe
rPois   ∞          Reflect  .   (no helmet)
rElec   .          Harm     .   h - +2 cloak
rCorr   .          Rampage  .   j - +1 pair of gloves
Will    .....                   (no boots)
Stlth   +.........              (no amulet)
HPRegen 0.11/turn               (no ring)
MPRegen 0.10/turn               (no ring)

@: no status effects
A: cold resistance 1, negative energy resistance 3, torment resistance 2, heat
vulnerability 1, no potions
a: Renounce Religion, Fiery Armour, Foxfire Swarm, Rising Flame


You were on level 3 of the Dungeon.
You worshipped Ignis.
Ignis was extremely pleased with you.
You visited 1 branch of the dungeon, and saw 3 of its levels.

You collected 41 gold pieces.

Inventory:

Hand Weapons
 a - a -1 mace of flaming (weapon)
Missiles
 c - 16 bolts
 i - 4 poisoned darts
Armour
 b - a +0 robe (worn)
 h - a +2 cloak (worn)
 j - a +1 pair of gloves (worn)
Scrolls
 d - a scroll of brand weapon {unknown}
 e - 2 scrolls of identify {unknown}
 f - a scroll of enchant armour {unknown}
 g - a scroll of magic mapping {unknown}


   Skills:
 - Level 3.0 Fighting
 - Level 2.4 Maces & Flails
 - Level 1.3 Spellcasting
 + Level 4.2 Fire Magic


You had 3 spell levels left.
You knew the following spells:

 Your Spells              Type           Power      Damage    Failure   Level
a - Scorch                Fire           26%        2d6       6%          2

Your spell library contained the following spells:

 Spells                   Type           Power      Damage    Failure   Level
 Magic Dart               Conj           4%         1d3       24%         1
 Call Imp                 Summ           1%         N/A       34%         2
 Mephitic Cloud           Conj/Pois/Air  1%         N/A       56%         3


Dungeon Overview and Level Annotations

Branches:
Dungeon (3/15)

Altars:

Annotations:
D:2 Sigmund


Innate Abilities, Weirdness & Mutations

You are immune to poison.
Your flesh is cold resistant. (rC+)
You are immune to negative energy. (rN+++)
You are immune to unholy pain and torment.
You are vulnerable to heat. (rF-)
You do not drink.


Message History

You miss something. Something hits you.
You hit something but do no damage. Something hits you but does no damage.
You hear some strange, mumbled words.
A puff of flame appears from out of thin air!
The puff of flame hits you!
You hit something. You burn something. Something completely misses you.
You closely miss something. Something hits you.
You miss something. Something hits you but does no damage.
Casting: Scorch (safe; 6% risk of failure)
Press: ? - help, Q - select action, (/) - cycle Dir - look around, f - activate Flames lash the orc.
You kill the orc!
Something hits you but does no damage.
Unknown command.
Casting: Scorch (safe; 6% risk of failure)
Press: ? - help, Q - select action, (/) - cycle Dir - look around, f - activate Flames lash something.
Something hits you but does no damage.
Unknown command.
You don't have enough magic to cast this spell.
Unknown command.
Unknown command.
You miss something.
You hear some strange, mumbled words.
A puff of flame appears from out of thin air!
The puff of flame hits you.
* * * LOW HITPOINT WARNING * * *
Something hits you.
* * * LOW HITPOINT WARNING * * *
You hit something but do no damage. Something hits you but does no damage.
Unknown command.
You closely miss something. Something hits you but does no damage.
Unknown command.
You barely miss something. Something hits you.
* * * LOW HITPOINT WARNING * * *
Something hits you but does no damage.
Unknown command.
A magic dart appears from out of thin air!
The magic dart hits you!
You die...

####.#..####.#####.########..
...#...........#...........
## #......#...........######
#....##.#)........#....#
#..#.##.#.........#.##.#
####.##.#............#.#
#.##.#.........#.##.#
#.##.#.........#.##.# #.
#.#@#.......#....#
#.#.#.......######
#.#{#.......# #)#......<#
#w#......## #.#......#
##'#o.....# #.......###
#.......#


You could see a dart slug.

Vanquished Creatures
  Jessica (D:3)
  An adder (D:2)
  A worm (D:3)
  2 dart slugs (D:1)
  2 orcs (D:3)
  4 ball pythons
  2 endoplasms
  2 giant cockroaches (D:2)
  2 goblins (D:2)
  6 hobgoblins
  5 bats
  3 frilled lizards (D:2)
  2 kobolds
  7 rats
40 creatures vanquished.

Notes
Turn   | Place    | Note
-------+----------+-------------------------------------------
     0 | D:1      | SnakkuSnakku7 the Mummy Cinder Acolyte began the quest for
                  | the Orb.
     0 | D:1      | Reached XP level 1. HP: 18/18 MP: 2/2
   441 | D:1      | Found a faded altar of an unknown god.
   466 | D:1      | Reached skill level 3 in Fire Magic
   466 | D:1      | Reached XP level 2. HP: 18/24 MP: 4/4
   611 | D:1      | Learned a level 2 spell: Scorch
   762 | D:2      | Noticed Sigmund
  1004 | D:2      | Reached XP level 3. HP: 11/29 MP: 5/5
  2270 | D:3      | Noticed Jessica
  2274 | D:3      | Killed Jessica
  2275 | D:3      | Reached skill level 4 in Fire Magic
  2275 | D:3      | Reached XP level 4. HP: 35/35 MP: 1/6
  2310 | D:3      | Killed from afar by an orc wizard

Illustrated notes

Levels and vault maps discovered:
D:1:      minmay_arrival_four_circles, layout_loops_ring, basic_ecumenical_altar
D:2:      layout_basic, hangedman_decor_opposing, uniq_sigmund
D:3:      layout_basic, general_overflow_altar, nicolae_overflow_crystal_walls,
          corexii_corridor_pit, uniq_grinder, uniq_natasha, uniq_jessica

Skill      XL: |  1  2  3 |
---------------+----------+-----
Fire Magic     | 3 4 |  4.2
Fighting       | |  3.0
Maces & Flails | |  2.4
Spellcasting   | |  1.3

Action                   |  1- 3 |  4- 6 || total
-------------------------+-------+-------++-------
Melee: Mace              |   102 |    23 ||   125
       Punch             |     1 |       ||     1
 Cast: Scorch            |     4 |     2 ||     6
Armor: Robe              |    30 |    13 ||    43
Dodge: Dodged            |    82 |     6 ||    88
